 Dungeon Crawl Stone Soup: Circus Animals version 1.7-37-g2c94cca (webtiles) character file.

887 Ihatecarrots00 the Chopper (level 10, 148/148 HPs) *EASY*
             Began as a Lava Orc Berserker on Sept 25, 2016.
             Was the Champion of Trog.
             Quit the game on level 3 of the Lair of Beasts on Sept 26, 2016.
             The game lasted 00:34:01 (14021 turns).

Ihatecarrots00 the Chopper (Lava Orc Berserker)    Turns: 14021, Time: 00:34:02

Health: 148/148    AC: 18    Str: 23    XL:     10   Next: 95%
Magic:  100/100    EV:  7    Int:  8    God:    Trog [******]
Gold:   484        SH:  0    Dex: 10    Spells: 0 memorised, 9 levels left

rFire  + . .     rPois    .     o - +11 hand axe of an ossuary {flame, *Corrode +Inv rElec MR+}
rCold  . . .     rElec    +     e - +1 chain mail
rNeg   . . .     rCorr    .     (no shield) MagicSh . . . SeeInvis .
                                c - +0 helmet StaminaSh . . . Faith .
                                (no cloak) RegenHP ++++......
SustAt .                        (no gloves) RegenSP +++....... Dismiss .
                                (no boots) RegenMP +++....... Reflect .
                                (no amulet)
MR     +....     Harm     .     (no ring)
Stlth  ..........               (no ring)

@: slow, somewhat resistant to hostile enchantments, extremely unstealthy
A: AC +4
a: Berserk, Trog's Hand, Brothers in Arms, Burn Spellbooks, Renounce Religion,
Evoke Invisibility


You were on level 3 of the Lair of Beasts.
You worshipped Trog.
Trog was exalted by your worship.
You were not hungry.

You visited 2 branches of the dungeon, and saw 10 of its levels.

You collected 741 gold pieces.
You spent 257 gold pieces at shops.

Inventory:

Hand Weapons
 d - a +5 antimagic executioner's axe
 m - a +2 battleaxe of venom
 o - the +11 hand axe of an ossuary (weapon) {flame, *Corrode +Inv rElec MR+}
   (You found it on level 2 of the Lair of Beasts)

   It has been specially enchanted to burn those struck by it, causing extra
   injury to most foes and up to half again as much damage against particularly
   susceptible opponents.
   Big, fiery blades are also staple armaments of hydra-hunters.
   It insulates you from electricity.
   It affects your resistance to hostile enchantments.
   It lets you turn invisible.
   It may corrode you when you take damage.
Armour
 c - a +0 helmet (worn)
 e - a +1 chain mail (worn)
Jewellery
 a - a +5 ring of dexterity
 f - an uncursed ring of fire {unknown}
 g - an uncursed ring of poison resistance {unknown}
 h - an uncursed amulet of quick casting {unknown}
 i - an uncursed ring of protection from fire {unknown}
 j - a +3 ring of evasion {unknown}
 k - an uncursed ring of wizardry {unknown}
 l - an uncursed ring of positive energy {unknown}
 p - an uncursed ring of stamina {unknown}
Wands
 b - a wand of iceblast (11/30)
 n - a wand of digging (14/24)
 q - a wand of random effects (22/48)
Scrolls
 f - 3 scrolls of blinking
 h - 5 scrolls of recharging
 j - 5 scrolls of remove curse
 m - 6 scrolls of teleportation
 n - 5 scrolls of identify
 u - 2 scrolls of magic mapping
 y - 4 scrolls of immolation
 D - 2 scrolls of fog
 E - a scroll of fear
Potions
 a - 6 potions of heal wounds
 b - 11 potions of stamina
 c - 8 potions of magic
 d - 9 potions of brilliance
 e - 2 potions of berserk rage
 g - 11 potions of curing {unknown}
 i - 3 potions of haste {unknown}
 k - 2 potions of cure mutation {unknown}
 l - a potion of cancellation {unknown}
 o - a potion of flight {unknown}
 p - 2 potions of lignification {unknown}
 q - 2 potions of invisibility {unknown}
 r - a potion of ambrosia {unknown}
 s - 4 potions of mutation {unknown}
 t - 4 potions of agility {unknown}
 v - 4 potions of might {unknown}
 z - 2 potions of weak mutation
 A - 3 potions of degeneration {unknown}
 B - 2 potions of resistance {unknown}
Books
 x - a book of the Sky

   Spells                             Type                      Level
   a - Airstrike                      Air                          4
   b - Summon Lightning Spire         Summoning/Air                5
   c - Silence                        Hexes/Air/Darkness           5
   d - Deflect Missiles               Charms/Air                   6
   e - Conjure Ball Lightning         Conjuration/Translocation/Air 6
   f - Tornado                        Air                          9
   Trog disapproves of the use of such an item.


   Skills:
 + Level 7.2 Fighting
 + Level 7.5 Axes
 + Level 5.6 Armour
 + Level 4.5 Dodging


You had 9 spell levels left.
You didn't know any spells.

Dungeon Overview and Level Annotations

Branches:
Dungeon (7/7)                Lair (3/7) D:7          Shoals (0/4) Lair:3
  Snake: Lair:2-6     Swamp: Lair:2-6

Altars:
Ashenzari
Cheibriados
Fedhas
Gozag
Kikubaaqudgha
Makhleb
Okawaru
Pakellas
Ru
Sif Muna
Trog
Uskayaw
Xom

Shops:
D:5 (


Message History

No target in view!
No target in view!
You slash the plant! You burn the plant.
Unknown command.
You hit the plant but do no damage. You hit the plant. You burn the plant.
You hit the plant. You burn the plant. You hit the plant but do no damage.
You hit the plant. You burn the plant. You hit the plant but do no damage.
You slash the plant! You burn the plant. You hit the plant. You burn the plant.
Okay, then.
Are you sure you want to abandon this character and quit the game? (Confirm with "yes".)
Okay, then.
Welcome back, Ihatecarrots00 the Lava Orc Berserker.
You are playing the Easy difficulty mode, Classic experience mode Trog says: Kill them all!
Press ? for a list of commands and other information.
Are you sure you want to abandon this character and quit the game? (Confirm with "yes".)

..........# #≈≈≈≈#
...#......# ##≈≈##
..........########
.#...........#.P#
#..............# ##
..........##....#
..
###...#...P###.###
.#
#..###.###.P...#..#
...
#......@.....##. #P
.#####.......... ##
##..####)## #..# #
#..# #..# #... ....
#...


There were no monsters in sight!

Vanquished Creatures
  A siren (Lair:3)
  2 black mambas
  2 komodo dragons (Lair:1)
  7 spiny frogs
  2 rime drakes (Lair:3)
  8 blink frogs (Lair:1)
  22 yaks
  7 swamp worms (Lair:2)
  2 basilisks (Lair:1)
  2 humans (D:7)
  2 phantoms
  6 water moccasins
  An ice beast (D:5)
  A sky beast (D:6)
  An ogre (D:6)
  5 crocodiles
  6 orc warriors
  3 porcupines
  A centaur (D:5)
  15 giant frogs
  A wyvern zombie (D:7)
  3 scorpions
  3 giant frog zombies
  2 centaur skeletons
  3 giant frog skeletons
  3 killer bees (D:4)
  4 dart slugs
  9 hounds
  2 howler monkeys (D:6)
  2 jellies (D:6)
  2 orc priests
  5 wights (D:6)
  7 giant geckos
  5 gnolls
  9 iguanas
  23 orcs
  8 orc wizards
  6 sheep (Lair:2)
  10 worker ants
  Ijyb (D:2)
  10 adders
  5 ball pythons
  20 bats
  2 bat zombies (D:7)
  7 crimson imps
  6 giant cockroaches
  9 goblins
  11 hobgoblins
  14 jackals
  5 quokkas
  18 river rats
  2 shadow imps
  2 adder skeletons
  A giant cockroach zombie (D:5)
  A giant gecko skeleton (D:7)
  A giant gecko zombie (D:5)
  6 giant newts
  A hound skeleton (D:7)
  2 hound zombies (D:6)
  A killer bee zombie (D:6)
  11 kobolds
  3 oozes
  44 rats
  2 rat zombies (D:7)
  18 worms
  6 fungi
  3 plants
415 creatures vanquished.

Vanquished Creatures (others)
  3 plants
3 creatures vanquished.

Grand Total: 418 creatures vanquished

Notes
Turn   | Place    | Note
-------+----------+-------------------------------------------
     0 | D:1      | Ihatecarrots00 the Lava Orc Berserker began the quest for the Orb.
     0 | D:1      | Reached XP level 1. HP: 39/39 MP: 100/100
   488 | D:1      | Reached XP level 2. HP: 51/51 MP: 100/100
   584 | D:1      | Reached XP level 3. HP: 63/63 MP: 100/100
   679 | D:1      | Reached ** piety under Trog
   712 | D:1      | Reached skill level 5 in Axes
  1214 | D:2      | Reached XP level 4. HP: 76/76 MP: 100/100
  1229 | D:2      | Reached *** piety under Trog
  1399 | D:2      | Noticed Ijyb
  1410 | D:2      | Killed Ijyb
  2751 | D:3      | Reached **** piety under Trog
  3016 | D:3      | Reached XP level 5. HP: 88/88 MP: 100/100
  3523 | D:4      | Found a shattered altar of Ashenzari.
  3784 | D:4      | Reached ***** piety under Trog
  3987 | D:4      | Found an opulent altar of Gozag.
  4462 | D:5      | Entered Level 5 of the Dungeon
  4484 | D:5      | Reached XP level 6. HP: 100/100 MP: 100/100
  4485 | D:5      | Reached skill level 5 in Fighting
  4490 | D:5      | Found Cieze's Weapon Boutique.
  4541 | D:5      | Found a faded altar of an unknown god.
  4590 | D:5      | Bought a +2 battleaxe of venom for 257 gold pieces
  5251 | D:5      | Found a blossoming altar of Fedhas.
  5251 | D:5      | Found a snail-covered altar of Cheibriados.
  5780 | D:5      | Found a shimmering altar of Xom.
  5789 | D:5      | Found an oddly glowing altar of Pakellas.
  6670 | D:6      | Found a deep blue altar of Sif Muna.
  6810 | D:6      | Reached XP level 7. HP: 86/107 MP: 100/100
  6879 | D:6      | Found a hide-covered altar of Uskayaw.
  6941 | D:6      | Received a gift from Trog
  6948 | D:6      | Noticed a moth of wrath
  6951 | D:6      | Found a bloodstained altar of Trog.
  7637 | D:7      | Entered Level 7 of the Dungeon
  8146 | D:7      | Reached ****** piety under Trog
  8210 | D:7      | Found a staircase to the Lair.
  8213 | D:7      | Received a gift from Trog
  8980 | D:7      | Found a shattered altar of Ashenzari.
  9045 | D:7      | Found a sacrificial altar of Ru.
  9382 | D:7      | Found an iron altar of Okawaru.
  9389 | D:7      | Received a gift from Trog
  9398 | D:7      | Reached XP level 8. HP: 113/113 MP: 100/100
  9550 | D:7      | Found an ancient bone altar of Kikubaaqudgha.
  9804 | Lair:1   | Entered Level 1 of the Lair of Beasts
  9804 | Lair:1   | Found a burning altar of Makhleb.
  9953 | Lair:1   | Reached XP level 9. HP: 100/125 MP: 100/100
 10695 | Lair:1   | Reached skill level 5 in Armour
 10821 | Lair:1   | Reached XP level 10. HP: 125/148 MP: 100/100
 11308 | Lair:1   | Received a gift from Trog
 12230 | Lair:2   | Got a crystal hand axe
 12231 | Lair:2   | Identified the +11 hand axe of an ossuary {flame, *Corrode +Inv rElec MR+} (You found it on level 2 of the Lair of Beasts)
 13958 | Lair:3   | Found a staircase to the Shoals.
 14021 | Lair:3   | Quit the game

Skill      XL: |  1  2  3  4  5  6  7  8  9 10 |
---------------+-------------------------------+-----
Axes           | 5 6 7 |  7.5
Dodging        | 2 3 4 |  4.5
Armour         | 3 4 5 |  5.6
Fighting       | 5 6 7 |  7.2

Action                   |  1- 3 |  4- 6 |  7- 9 | 10-12 || total
-------------------------+-------+-------+-------+-------++-------
Melee: Hand axe          |   101 |   420 |       |   178 ||   699
       Battleaxe         |       |   156 |   485 |    77 ||   718
Invok: Burn Spellbooks   |       |     1 |       |       ||     1
       Berserk           |       |     1 |       |       ||     1
  Use: Scroll            |     4 |     8 |       |     6 ||    18
       Potion            |       |     2 |     1 |     1 ||     4
 Stab: Invisible         |       |       |     1 |       ||     1
       Paralysed         |       |       |     1 |       ||     1
Armor: Animal skin       |     6 |       |       |       ||     6
       Ring mail         |    23 |    22 |       |       ||    45
       Chain mail        |       |   313 |   267 |   110 ||   690
Dodge: Dodged            |    62 |   310 |   399 |   137 ||   908
Block: Shield            |       |   220 |       |       ||   220
       Buckler           |       |     1 |       |       ||     1
